 Dungeon Crawl Stone Soup version 0.32-a0-893-gf85d74f360 (webtiles) character file.

Game seed: 2455532051172250340

124297 freelancePsychic the Warrior (level 16, -4/235 HPs)
             Began as a Mountain Dwarf Fire Elementalist on Apr 3, 2024.
             Was a High Priest of Vehumet.
             Slain by a saltling (5 damage)
             ... in the Desolation of Salt.
             The game lasted 01:18:30 (41462 turns).

freelancePsychic the Warrior (MDFE)                Turns: 41462, Time: 01:18:31

Health: -4/235     AC: 29    Str: 22    XL:     16   Next: 38%
Magic:  11/36      EV: 15    Int: 28    God:    Vehumet [*****.]
Gold:   853        SH:  5    Dex: 13    Spells: 13/30 levels left

rFire   + + .        j - staff of the Imbibing Gods {Will+ Int+5 Dex+3 Conj}
rCold   + + +        l - +0 buckler {rF+}
rNeg    . . .        a - +9 plate armour of an ossuary {Will+ Slay+2}
rPois   +            n - +0 helmet
rElec   .            b - scarf {rC+ rF+}
rCorr   .            k - +0 pair of gloves
SInv    +            L - +1 pair of boots
Will    +....        e - amulet "Qassylut" {Acrobat rC+ MP+9 Str+8 Stlth+} Stlth
                     V - ring of Igiolia {rPois rC+ rMut Str+2 SInv}
HPRegen 0.59/turn    U - +9 ring of evasion
MPRegen 0.25/turn

%: acrobat, resist mutation
@: berserking (expiring), lethally poisoned (-4 -> -6), weak-willed, studying
Fighting, very quick
A: runic magic, artefact enchanting
a: Renounce Religion


You were in the Desolation of Salt.
You worshipped Vehumet.
Vehumet was extremely pleased with you.
You visited 4 branches of the dungeon, and saw 24 of its levels.
You also visited: Ice Cave, Volcano and Desolation.

You collected 3046 gold pieces.
You spent 2193 gold pieces at shops.

Inventory:

Missiles
 N - a throwing net
Armour
 a - the +9 plate armour of an ossuary (worn) {Will+ Slay+2}
   (You found it on level 2 of the Lair of Beasts)

   Slay+2:    It affects your accuracy & damage with ranged weapons and melee
   (+2).
   Will+:     It increases your willpower.
 b - a scarf of resistance (worn)
 k - a +0 pair of gloves (worn)
 l - a +0 buckler of fire resistance (worn)
 n - a +0 helmet (worn)
 L - a +1 pair of boots (worn)
Magical Staves
 j - the staff of the Imbibing Gods (weapon) {Will+ Int+5 Dex+3 Conj}
   (You acquired it on level 3 of the Dungeon)

   [staff of conjuration]

   Base accuracy: +5 Base damage: 5 Base attack delay: 1.2 This weapon's minimum
   attack delay (0.6) is reached at skill level 12.
   Int+5:     It affects your intelligence (+5).
   Dex+3:     It affects your dexterity (+3).
   Will+:     It increases your willpower.
   Conj:      It increases the power of your Conjurations spells.
   It falls into the 'Staves' category.
   It is a one-handed weapon.
Jewellery
 e - the amulet "Qassylut" (around neck) {Acrobat rC+ MP+9 Str+8 Stlth+}
   (You took it off a deep elf pyromancer on level 1 of the Elven Halls)

   [amulet of the acrobat]

   Acrobat:   It increases your evasion while moving and waiting.
   Str+8:     It affects your strength (+8).
   rC+:       It protects you from cold.
   MP+9:      It affects your magic capacity (+9).
   Stlth+:    It makes you more stealthy.
 v - an amulet of reflection
 F - the amulet of Neebbul {Spirit *Corrode rF+ rC+ rN++}
   (You took it off a deep elf sorcerer on level 1 of the Elven Halls)

   [amulet of guardian spirit]

   Spirit:    It causes incoming damage to be divided between your reserves of
   health and magic.
   rF+:       It protects you from fire.
   rC+:       It protects you from cold.
   rN++:      It greatly protects you from negative energy.
   *Corrode:  It may corrode you when you take damage.
 G - the ring "Pefishri" {rPois rC+ rN++ AC+4 Slay+3}
   (You took it off a deep elf knight on level 1 of the Elven Halls)

   [ring of protection]

   AC+4:      It affects your AC (+4).
   Slay+3:    It affects your accuracy & damage with ranged weapons and melee
   (+3).
   rC+:       It protects you from cold.
   rPois:     It protects you from poison.
   rN++:      It greatly protects you from negative energy.
 U - a +9 ring of evasion (right hand)
 V - the ring of Igiolia (left hand) {rPois rC+ rMut Str+2 SInv}
   (You bought it in a shop on level 2 of the Dungeon)

   [ring of poison resistance]

   Str+2:     It affects your strength (+2).
   rC+:       It protects you from cold.
   rPois:     It protects you from poison.
   SInv:      It lets you see invisible.
   rMut:      It protects you from mutation.
 W - the ring of Jiagrisa {rN+ Str+4}
   (You took it off a deep elf pyromancer on level 1 of the Elven Halls)

   [ring of positive energy]

   Str+4:     It affects your strength (+4).
   rN+:       It protects you from negative energy.
 Y - the ring "Binyceco" {rF+ rN+ Str+6 Int+3}
   (You took it off a deep elf archer on level 1 of the Elven Halls)

   [ring of strength]

   Str+6:     It affects your strength (+6).
   Int+3:     It affects your intelligence (+3).
   rF+:       It protects you from fire.
   rN+:       It protects you from negative energy.
Wands
 m - a wand of flame (60)
 H - a wand of paralysis (18)
 O - a wand of polymorph (7)
 Q - a wand of digging (8)
Scrolls
 c - 2 scrolls of teleportation {@r4}
 h - a scroll of brand weapon
 o - 7 scrolls of noise
 p - 2 scrolls of fog
 t - a scroll of butterflies
 u - 4 scrolls of enchant weapon
 y - 2 scrolls of fear
 z - a scroll of blinking
 A - 2 scrolls of amnesia
 B - 4 scrolls of vulnerability
 E - 5 scrolls of identify {@r1}
 I - a scroll of torment
 T - a scroll of poison
Potions
 f - a potion of haste {unknown}
 g - 2 potions of curing {@q1}
 i - 6 potions of heal wounds {@q2}
 q - 4 potions of enlightenment
 r - 4 potions of mutation
 s - 3 potions of might
 w - 2 potions of degeneration {unknown}
 x - 6 potions of brilliance {unknown}
 C - 3 potions of lignification {unknown}
 J - 3 potions of resistance {unknown}
 M - 3 potions of invisibility
 P - a potion of ambrosia
 R - 4 potions of attraction {unknown}
 S - 3 potions of cancellation {unknown}
 X - a potion of magic
Miscellaneous
 D - a box of beasts
 K - a tin of tremorstones (inert)


   Skills:
 + Level 17.8 Fighting
 + Level 2.6 Staves
 - Level 11.0 Armour
 - Level 1.3 Dodging
 - Level 1.4 Stealth
 - Level 6.0 Shields
 + Level 7.9 Spellcasting
 - Level 5.3 Conjurations
 - Level 2.0 Hexes
 - Level 10.9 Fire Magic
 - Level 10.4 Ice Magic
 + Level 15.4 Earth Magic
 - Level 7.0 Evocations


You had 13 spell levels left.
You knew the following spells:

 Your Spells              Type           Power      Damage    Failure   Level
a - Foxfire               Conj/Fire      100%       2x1d9     1%          1
b - Scorch                Fire           100%       2d9       1%          2
c - Inner Flame           Hex/Fire       47%        N/A       1%          3
d - Lee's Rapid Deconstr  Erth           39%        3d19*     1%          5
e - Permafrost Eruption   Ice/Erth       35%        2x4d8     2%          6

Your spell library contained the following spells:

 Spells                   Type           Power      Damage    Failure   Level
 Conjure Ball Lightning   Conj/Air       19%        3x3d6     78%         6
 Freeze                   Ice            100%       1d10      1%          1
 Kiss of Death            Conj/Necr      100%       2d13      1%          1
 Frozen Ramparts          Ice            100%       1d16      1%          3
 Hailstorm                Conj/Ice       70%        3d12      1%          3
 Volatile Blastmotes      Fire/Tloc      82%        2d16      1%          3
 Flame Wave               Conj/Fire      71%        2d16      1%          4
 Summon Ice Beast         Ice/Summ       40%        N/A       3%          3
 Ignite Poison            Fire/Alch      41%        N/A       3%          4
 Fireball                 Conj/Fire      35%        3d15      3%          5
 Leda's Liquefaction      Alch/Erth      26%        N/A       4%          4
 Petrify                  Alch/Erth      53%        N/A       4%          4
 Jinxbite                 Hex            44%        N/A       7%          2
 Confusing Touch          Hex            22%        N/A       14%         3
 Metabolic Englaciation   Hex/Ice        23%        N/A       24%         5
 Arcjolt                  Conj/Air       19%        1d29      26%         5
 Maxwell's Portable Pile  Tloc           11%        2d(6-16)  32%         3
 Cause Fear               Hex            11%        N/A       43%         4
 Dispel Undead            Necr           11%        3d9       73%         4
 Martyr's Knell           Necr/Summ      11%        N/A       73%         4
 Sculpt Simulacrum        Ice/Alch       20%        N/A       89%         6
 Silence                  Hex/Air        8%         N/A       90%         5
 Summon Cactus Giant      Summ           5%         N/A       100%        6
 Enfeeble                 Hex            11%        N/A       100%        7
 Malign Gateway           Summ/Tloc      5%         N/A       100%        7
 Maxwell's Capacitive Co  Air            5%         ∞         100%        8
 Summon Horrible Things   Summ           5%         N/A       100%        8
 Dragon's Call            Summ           5%         N/A       100%        9


Dungeon Overview and Level Annotations

Branches:
Dungeon (15/15)            Temple (0/1) D:5            Lair (5/5) D:10
  Swamp (0/4) Lair:2       Spider (0/4) Lair:3        Slime (0/5) Lair:4
    Orc (2/2) D:9             Elf (2/3) Orc:2        Vaults (0/5) D:14
  IceCv (visited)         Volcano (visited)         Desolation (1/1)
 Depths: D:15

Altars:
Elyvilon
Fedhas
Gozag
Kikubaaqudgha
Makhleb
Okawaru
Qazlal
Uskayaw
Vehumet
Yredelemnul
Zin
The Shining One
Beogh
Lugonu

Shops:
D:2 =   D:5 (   D:10 =   Orc:1 **   Orc:2 =(==

Portals:
Hell: Lair:5

Annotations:
D:3 3 runed translucent doors, Biggs's ghost, amateur CoHu
D:4 3 runed translucent doors, Arkalis's ghost, amateur DsCK
D:9 3 runed translucent doors


Innate Abilities, Weirdness & Mutations

Your spellcasting is much less encumbered by armour.
You can use scrolls of enchantment on lesser artefacts.


Message History

The imperial myrmidon gestures at you while chanting.
You resist with some effort. The saltling hits you!
* * * LOW HITPOINT WARNING * * *
You miss the imperial myrmidon.
The imperial myrmidon is almost dead.
* * * LOW HITPOINT WARNING * * *
You feel sick.
You closely miss the imperial myrmidon.
The imperial myrmidon is almost dead.
* * * LOW HITPOINT WARNING * * *
You feel sick.
The imperial myrmidon casts a spell at you.
Your body is wracked with pain!
* * * LOW HITPOINT WARNING * * *
The saltling barely misses you.
You completely miss the imperial myrmidon.
The imperial myrmidon is almost dead.
* * * LOW HITPOINT WARNING * * *
You feel sick.
You block the imperial myrmidon's attack.
The saltling hits you but does no damage.
You hit the imperial myrmidon but do no damage.
The imperial myrmidon is almost dead.
* * * LOW HITPOINT WARNING * * *
You feel sick.
The imperial myrmidon casts a spell at you.
You feel a surge of unholy energy.
The saltling hits you but does no damage.
You hit the imperial myrmidon but do no damage.
The imperial myrmidon is almost dead.
* * * LOW HITPOINT WARNING * * *
You feel sick.
The imperial myrmidon hits you but does no damage.
You hit the imperial myrmidon!
You blast the imperial myrmidon!
You kill the imperial myrmidon!
Vehumet accepts your kill.
You feel your power returning.
* * * LOW HITPOINT WARNING * * *
You feel sick. The saltling hits you.
You die...

#################################
#################################
#################################
#################################
#################################
#################################
#################################
§§........).§§..@§§..............
§§§........§§§§§§9§§§............
.§§........§.§#§§§§§..§.........§
§§§.......§.§.....§§.§.§§§.)§...§
§§§..#.####...§.§.....§§§§§§§....
.####### #.§§§§.§....§##§##....§
.#..).# #....§§§....#§§:##.....
.#....# #.§§§§§§..).#§#).#...§§
§#...## .....§.....# §.§[...§§


You could see a saltling.

Vanquished Creatures
  An azure jelly (Lair:4)
  2 deep elf sorcerers (Elf:1)
  3 imperial myrmidons (Desolation)
  An orc warlord (Orc:2)
  A deep elf annihilator (Elf:1)
  7 ragged hierophants (Desolation)
  2 crystal guardians (Desolation)
  3 servants of whispers (Desolation)
  6 hydras
  4 peacekeepers (Desolation)
  A catoblepas (Lair:5)
  7 boulder beetles
  A centaur warrior (D:14)
  2 dancing weapons (Elf:1)
  6 two-headed ogres
  6 death yaks
  2 orc high priests (Elf:1)
  A hell knight (Volcano)
  Sonja (Lair:3)
  10 deep elf knights (Elf:1)
  A sun demon (Lair:5)
  A skeletal warrior (D:14)
  6 deep elf archers (Elf:1)
  2 arcanists
  A flayed ghost (D:13)
  An obsidian bat (Orc:1)
  2 thermic dynamos
  2 ironbound convokers (Desolation)
  9 ugly things
  10 deep elf pyromancers
  12 orc knights
  6 deep elf zephyrmancers
  2 orc sorcerers (Elf:1)
  5 cyclopes
  4 kobold blastminers (Orc:2)
  A manticore (D:12)
  A guardian serpent (Desolation)
  11 elephants
  A torpor snail (Lair:5)
  4 black mambas
  A smoke demon (Volcano)
  An ice statue (Lair:5)
  2 molten gargoyles
  2 orange demons (Lair:5)
  18 cane toads
  3 gargoyles
  A cane toad (shapeshifter) (D:14)
  Maggie (D:6)
  A freezing wraith (Lair:5)
  4 rime drakes
  An anaconda simulacrum (IceCv)
  An efreet (D:13)
  2 red devils (Lair:5)
  7 komodo dragons
  2 ice devils (Lair:5)
  7 polar bears
  A hellwing (Lair:5)
  12 trolls
  4 blink frogs (Lair:5)
  30 saltlings (Desolation)
  13 slime creatures
  2 shadows (D:10)
  2 culicivoras (Lair:3)
  4 wyverns
  A water elemental (Elf:1)
  2 wraiths
  2 air elementals
  5 fire bats (Volcano)
  A fire elemental (Elf:1)
  5 basilisks
  40 yaks
  A steam dragon (D:8)
  2 wargs (Orc:2)
  9 vampire mosquitoes
  Menkaure (D:7)
  14 water moccasins
  4 acid dragons
  4 hell hounds (Lair:5)
  37 orc warriors
  2 black bears
  5 ice beasts
  4 boggarts (Lair:3)
  4 ogres
  17 centaurs
  14 wolves
  3 kobold brigands
  3 earth elementals (Elf:1)
  7 bullfrogs
  2 cane toad simulacra (IceCv)
  2 gnoll sergeants
  2 scorpions
  8 wights
  5 killer bees (D:9)
  2 electric eels
  4 howler monkeys
  3 bombardier beetles
  4 lava snakes (Volcano)
  3 jellies
  2 gnoll boudas
  3 hounds
  6 orc priests
  3 iguanas (D:5)
  11 orc wizards
  A polar bear simulacrum (IceCv)
  A wolf simulacrum (IceCv)
  Robin (D:2)
  16 gnolls
  10 adders
  A shadow imp (D:8)
  14 white imps
  4 ufetubi (D:6)
  6 dart slugs
  2 ribbon worms
  64 orcs
  13 ball pythons
  2 bats (D:2)
  5 endoplasms
  4 giant cockroaches
  19 goblins
  5 hobgoblins
  10 jackals
  5 quokkas
  8 frilled lizards
  25 kobolds
  9 rats
743 creatures vanquished.

Vanquished Creatures (collateral kills)
  A storm dragon (D:13)
  A dancing weapon (Elf:1)
2 creatures vanquished.

Vanquished Creatures (others)
  2 deep elf pyromancers (Elf:1)
  228 foxfires
230 creatures vanquished.

Grand Total: 975 creatures vanquished

Notes
Turn   | Place    | Note
-------+----------+-------------------------------------------
     0 | D:1      | freelancePsychic the Mountain Dwarf Fire Elementalist began
                  | the quest for the Orb.
     0 | D:1      | Reached XP level 1. HP: 14/14 MP: 3/3
    87 | D:1      | Reached skill level 1 in Conjurations
   411 | D:1      | Reached XP level 2. HP: 22/22 MP: 1/5
   649 | D:1      | Reached skill level 1 in Fighting
  1192 | D:1      | Reached XP level 3. HP: 29/29 MP: 4/6
  1252 | D:1      | Learned a level 2 spell: Scorch
  1679 | D:2      | Found Songeol's One-of-a-Kind Rings.
  1799 | D:2      | Reached skill level 2 in Fighting
  1969 | D:1      | Reached skill level 1 in Hexes
  1969 | D:1      | Reached XP level 4. HP: 16/37 MP: 4/7
  2361 | D:2      | Found a faded altar of an unknown god.
  2391 | D:2      | Noticed Robin
  2458 | D:2      | Killed Robin
  2459 | D:2      | Reached skill level 5 in Fire Magic
  3008 | D:2      | Reached skill level 3 in Fighting
  3008 | D:2      | Reached XP level 5. HP: 45/45 MP: 3/8
  3345 | D:3      | Learned a level 3 spell: Inner Flame
  3730 | D:3      | Found a blossoming altar of Fedhas.
  3760 | D:3      | Identified a scroll of acquirement
  3761 | D:3      | Acquired the staff of the Imbibing Gods {Will+ Int+5 Dex+3
                  | Conj}
  3779 | D:3      | Found a stormy altar of Qazlal.
  3780 | D:3      | Found a hide-covered altar of Uskayaw.
  3786 | D:3      | Found an ancient bone altar of Kikubaaqudgha.
  3789 | D:3      | Found an opulent altar of Gozag.
  3791 | D:3      | Found a radiant altar of Vehumet.
  3794 | D:3      | Found an iron altar of Okawaru.
  3818 | D:3      | Found a burning altar of Makhleb.
  3819 | D:3      | Found a glowing silver altar of Zin.
  4301 | D:3      | Found a runed translucent gate.
  4302 | D:3      | Found a runed translucent gate.
  4302 | D:3      | Found an opulent altar of Gozag.
  4303 | D:3      | Found a runed translucent gate.
  4313 | D:3      | Noticed a centaur
  4313 | D:3      | Noticed Biggs's ghost (amateur CoHu)
  4773 | D:3      | Became a worshipper of Vehumet
  5288 | D:3      | Reached XP level 6. HP: 24/52 MP: 1/9
  5830 | D:4      | Reached skill level 4 in Fighting
  5863 | D:4      | Reached * piety under Vehumet
  5863 | D:4      | Offered knowledge of Freeze by Vehumet.
  6088 | D:4      | Found a runed translucent gate.
  6088 | D:4      | Found a runed translucent gate.
  6088 | D:4      | Found a runed translucent gate.
  6089 | D:4      | Noticed Arkalis's ghost (amateur DsCK)
  6653 | D:5      | Entered Level 5 of the Dungeon
  6746 | D:5      | Reached XP level 7. HP: 60/60 MP: 4/11
  6839 | D:5      | Reached skill level 5 in Fighting
  7128 | D:5      | Found Lolesh's Weapon Shoppe.
  7414 | D:5      | Reached skill level 6 in Fighting
  7711 | D:5      | Found a staircase to the Ecumenical Temple.
  7923 | D:5      | Reached XP level 8. HP: 70/70 MP: 3/12
  8154 | D:6      | Reached ** piety under Vehumet
  8154 | D:6      | Offered knowledge of Sandblast by Vehumet.
  8394 | D:6      | Reached skill level 7 in Fighting
  8999 | D:6      | Reached skill level 8 in Fighting
  9006 | D:6      | Noticed Maggie
  9057 | D:6      | Killed Maggie
  9058 | D:6      | Reached skill level 10 in Fire Magic
  9058 | D:6      | Reached XP level 9. HP: 82/82 MP: 4/13
  9844 | D:7      | Noticed Menkaure
  9849 | D:7      | Killed Menkaure
  9850 | D:7      | Reached skill level 9 in Fighting
 10187 | D:7      | Reached skill level 1 in Armour
 11641 | D:8      | Offered knowledge of Searing Ray by Vehumet.
 11925 | D:8      | Reached skill level 10 in Fighting
 12269 | D:9      | Reached *** piety under Vehumet
 12386 | D:9      | Reached XP level 10. HP: 93/93 MP: 9/16
 12665 | D:9      | Found a runed translucent gate.
 12665 | D:9      | Found a runed translucent gate.
 12666 | D:9      | Found a runed translucent gate.
 12666 | D:9      | Noticed a rust devil
 12895 | D:9      | Found a staircase to the Orcish Mines.
 12937 | D:9      | Offered knowledge of Ignite Poison by Vehumet.
 12938 | D:9      | Reached skill level 5 in Armour
 13227 | D:9      | Learned a level 4 spell: Ignite Poison
 13537 | D:10     | Entered Level 10 of the Dungeon
 13553 | D:10     | Reached skill level 11 in Fighting
 13672 | D:10     | Found Qobih's Jewellery Shoppe.
 13827 | D:9      | Learned a level 4 spell: Flame Wave
 13883 | D:10     | Reached **** piety under Vehumet
 13916 | D:10     | Noticed a two-headed ogre
 13929 | D:10     | Killed a two-headed ogre
 13930 | D:10     | Reached skill level 5 in Conjurations
 13930 | D:10     | Reached XP level 11. HP: 63/104 MP: 6/17
 14154 | D:10     | Found a basalt altar of Yredelemnul.
 14355 | D:10     | Found a white marble altar of Elyvilon.
 14489 | D:10     | Noticed a death yak
 14490 | D:10     | Found a staircase to the Lair.
 14496 | D:10     | Killed a death yak
 14496 | D:10     | Offered knowledge of Lee's Rapid Deconstruction by Vehumet.
 14497 | D:10     | Reached skill level 12 in Fighting
 14558 | D:10     | Reached skill level 1 in Earth Magic
 15013 | D:11     | Got the Notes on the Mirage and the Serac
 15038 | D:11     | Found a frozen archway.
 15058 | IceCv    | Entered an ice cave
 15058 | IceCv    | Noticed a white ugly thing
 15067 | IceCv    | Killed a white ugly thing
 15282 | IceCv    | Found a transporter.
 15292 | IceCv    | Found a transporter.
 15945 | D:11     | Noticed a two-headed ogre
 16077 | D:10     | Killed a two-headed ogre
 16227 | D:10     | Learned a level 5 spell: Lee's Rapid Deconstruction
 16319 | D:11     | Reached skill level 5 in Evocations
 16450 | D:11     | Noticed a two-headed ogre
 16595 | D:11     | Killed a two-headed ogre
 16987 | D:12     | Noticed a two-headed ogre
 16995 | D:11     | Killed a two-headed ogre
 16996 | D:11     | Reached XP level 12. HP: 88/113 MP: 9/18
 17124 | D:12     | Reached skill level 13 in Fighting
 17141 | D:12     | Reached ***** piety under Vehumet
 17142 | D:12     | Reached skill level 5 in Earth Magic
 17226 | D:12     | Offered knowledge of Iskenderun's Mystic Blast by Vehumet.
 18478 | D:13     | Noticed a boulder beetle
 18546 | Lair:1   | Entered Level 1 of the Lair of Beasts
 18800 | D:2      | Bought the ring of Igiolia {rPois rC+ rMut Str+2 SInv} for
                  | 672 gold pieces
 19016 | Lair:1   | Noticed a death yak
 19017 | Lair:1   | Noticed a death yak
 19017 | Lair:1   | Noticed a death yak
 19019 | Lair:1   | Noticed a death yak
 19022 | Lair:1   | Noticed a death yak
 19036 | Lair:1   | Killed a death yak
 19037 | Lair:1   | Reached skill level 10 in Armour
 19048 | Lair:1   | Killed a death yak
 19048 | Lair:1   | Killed a death yak
 19049 | Lair:1   | Killed a death yak
 19050 | Lair:1   | Killed a death yak
 19481 | Lair:1   | Reached skill level 14 in Fighting
 19932 | Lair:2   | Found the +0 toga "Victory" {*Victory Clar}
 20037 | Lair:2   | Identified the +7 plate armour of an ossuary {Will+ Slay+2}
 20304 | Lair:2   | Found a staircase to the Swamp.
 20898 | Lair:3   | Reached XP level 13. HP: 124/124 MP: 16/19
 21143 | Lair:3   | Noticed Sonja
 21150 | Lair:3   | Killed Sonja
 21692 | Lair:3   | Found a hole to the Spider Nest.
 22561 | Lair:4   | Reached skill level 1 in Ice Magic
 22872 | Lair:4   | Found a runed translucent door.
 22873 | Lair:4   | Found a staircase to the Slime Pits.
 22873 | Lair:4   | Noticed an azure jelly
 23484 | Lair:4   | Killed an azure jelly
 23646 | Lair:5   | Entered Level 5 of the Lair of Beasts
 23647 | Lair:5   | Identified the amulet of Kimu Xiu {Spirit Dex+4}
 23681 | Lair:4   | Reached skill level 15 in Fighting
 23759 | Lair:4   | Acquired 378 gold pieces
 24750 | Lair:5   | Reached skill level 10 in Earth Magic
 25106 | Lair:5   | Reached skill level 5 in Ice Magic
 25779 | Lair:5   | Offered knowledge of Ozocubu's Refrigeration by Vehumet.
 25938 | Lair:5   | Reached XP level 14. HP: 63/135 MP: 6/20
 26308 | Lair:4   | Learned a level 6 spell: Permafrost Eruption
 27096 | Lair:5   | Reached skill level 5 in Spellcasting
 27975 | Lair:5   | Found a burning altar of Makhleb.
 27981 | Lair:5   | Found a gateway to Hell.
 28202 | Orc:1    | Entered Level 1 of the Orcish Mines
 28718 | Orc:1    | You fall into a shaft and drop 1 floor!
 28718 | Orc:2    | Entered Level 2 of the Orcish Mines
 28748 | Orc:2    | Found a dark tunnel.
 28751 | Volcano  | Entered a volcano
 29374 | Volcano  | Found a bloodstained altar of Trog.
 29769 | Orc:2    | Reached skill level 1 in Shields
 29771 | Orc:2    | Offered knowledge of Starburst by Vehumet.
 30070 | Orc:2    | Noticed an orc warlord
 30079 | Orc:2    | Found Uvarch's Antique Weapon Emporium.
 30079 | Orc:2    | Found Irah's Jewellery Shoppe.
 30079 | Orc:2    | Found Oplaotau's Jewellery Shop.
 30079 | Orc:2    | Found Erute's Jewellery Boutique.
 30214 | Orc:2    | Found a staircase to the Elven Halls.
 30504 | Orc:1    | Found Mujythrabb's Specific Store.
 30513 | Orc:1    | Found Hilarom's General Store.
 30522 | Orc:1    | Bought a scroll of amnesia for 72 gold pieces
 32228 | D:2      | Bought a +9 ring of evasion for 1449 gold pieces
 33468 | D:13     | Noticed a storm dragon
 33483 | D:13     | Killed a storm dragon
 34055 | D:14     | Reached XP level 15. HP: 141/141 MP: 8/23
 34160 | D:14     | Reached skill level 5 in Shields
 34520 | D:14     | Offered knowledge of Conjure Ball Lightning by Vehumet.
 34932 | D:14     | Found a gate to the Vaults.
 35157 | D:14     | Found a stormy altar of Qazlal.
 35408 | D:15     | Entered Level 15 of the Dungeon
 36043 | Elf:1    | Entered Level 1 of the Elven Halls
 36993 | Elf:1    | Identified the ring "Binyceco" {rF+ rN+ Str+6 Int+3}
 37282 | Elf:1    | Identified the ring "Pefishri" {rPois rC+ rN++ AC+4 Slay+3}
 37289 | Elf:1    | Noticed a deep elf sorcerer
 37437 | Elf:1    | Identified the ring of Jiagrisa {rN+ Str+4}
 37718 | Elf:1    | Found a roughly hewn altar of Beogh.
 37726 | Elf:1    | Found a corrupted altar of Lugonu.
 37892 | Elf:1    | Killed a deep elf sorcerer
 37963 | Elf:1    | Paralysed by an air elemental for 1 turns
 37965 | Elf:1    | Paralysed by an air elemental for 1 turns
 37969 | Elf:1    | Reached skill level 16 in Fighting
 37969 | Elf:1    | Reached skill level 10 in Ice Magic
 37970 | Elf:1    | Paralysed by an air elemental for 1 turns
 39204 | Elf:1    | Identified the amulet "Qassylut" {Acrobat rC+ MP+9 Str+8
                  | Stlth+}
 39360 | Elf:1    | Identified the amulet of Neebbul {Spirit *Corrode rF+ rC+
                  | rN++}
 39360 | Elf:1    | Noticed a deep elf sorcerer
 39375 | Elf:1    | Killed a deep elf sorcerer
 39980 | Elf:2    | Found a crumbling gateway.
 40002 | Elf:2    | Found a glowing golden altar of the Shining One.
 40002 | Elf:2    | Found a white marble altar of Elyvilon.
 40002 | Elf:2    | Found a glowing silver altar of Zin.
 40009 | Desolati | Entered the Desolation of Salt
 40179 | Desolati | Reached XP level 16. HP: 134/154 MP: 26/26
 40185 | Desolati | Reached skill level 17 in Fighting
 40257 | Desolati | Reached skill level 15 in Earth Magic
 40732 | Desolati | Identified the +6 spear of the Crawling Thing {holy, *Rage
                  | rF+ rN++ Will+++ Dex-3}
 40899 | Desolati | Reached skill level 1 in Staves
 41089 | Desolati | Got the Anthology of the Fair Folk
 41422 | Desolati | Identified the +6 halberd "Inku" {venom, Int+4}
 41456 | Desolati | HP: 6/235 [saltling (10)]
 41460 | Desolati | HP: 2/235 [poisoned by an imperial myrmidon]
 41462 | Desolati | Slain by a saltling

Illustrated notes

Levels and vault maps discovered:
D:1:      dpeg_arrival_rooms_b, layout_loops_corners, hangedman_feature_mirror
D:2:      layout_loops_ring, ebering_ecumenical_altar_rust, st_stairs_1,
          nicolae_shop_unique_rings, kennysheep_generic_room_16, uniq_robin
D:3:      layout_loops_corners, nicolae_overflow_hallway_of_the_gods,
          ebering_ghost_gozag
D:4:      layout_cave_pools, mainiacjoe_sewer_entry_somewhere_in_here_2,
          ebering_ghost_rock_garden, kennysheep_generic_room_14
D:5:      layout_loops_corners, minmay_temple_entry_enclosed_plants,
          serial_shops, nicolae_take_the_stairs
D:6:      layout_basic, uniq_maggie
D:7:      layout_basic, serial_curves, eino_curves_03, eino_curves_03,
          uniq_menkaure
D:8:      layout_basic, nicolae_zen_rock_garden
D:9:      cheibrodos_iron_armory, layout_basic, orc_0_dummy
D:10:     layout_rooms, kennysheep_ying_yang, david_lair_generic,
          corexii_corridor_pit, kennysheep_diamond, reono_crystal_passage,
          minmay_shop_enchanted_jewellery
D:11:     layout_roguey, portal_ice_cave_entry_imps
D:12:     layout_long_grid
D:13:     layout_roguey, hangedman_corner_corridor
D:14:     layout_irregular_city, david_vaults_1, nicolae_qazlal_eye_of_the_storm
D:15:     grunt_enter_depths_snipers, layout_loops_cross, roderic_filled_cross,
          uniq_rupert
Lair:1:   layout_misc_corridors
Lair:2:   layout_chaotic_city, swamp_mist
Lair:3:   layout_cave_pods, spider_nest_entry_funnel_web,
          kilobyte_rumbling_trees, uniq_sonja
Lair:4:   layout_gridlike, slime_entry_2
Lair:5:   evil_forest, layout_hall_layers, ice2_lemuel, lemuel_fruit_fields
Orc:1:    layout_caves, nicolae_specific_store
Orc:2:    st_orc_rangers, layout_caves, enter_volcano_4
Elf:1:    minmay_the_grid_triangle_9x9_recursive_3
          [minmay_the_grid_triangle_9x9_sparse_checkered,
          minmay_the_grid_triangle_9x9_empty,
          minmay_the_grid_triangle_9x9_zippers_horizontal,
          minmay_the_grid_triangle_9x9_prize_special,
          minmay_the_grid_triangle_9x9_pentomino_pain,
          minmay_the_grid_triangle_9x9_cache,
          minmay_the_grid_triangle_9x9_intruding_spiral,
          minmay_the_grid_triangle_9x9_stretched_checkered,
          minmay_the_grid_triangle_9x9_corrupted_corridor],
          layout_loops_corners, nicolae_elf_theology_debate, drop_trap
Elf:2:    elven_hall_of_blades_hangedman_original
          [nicolae_blade_entry_hurt_lockers], layout_loops_cross, special_room
          [special_room_orc], portal_desolation_entry_holy_temple, serial_glass,
          glass_columns_b, glass_columns_c, feat_on_display, item_on_display_a,
          due_unseen_surprise, minmay_strange_pillars,
          amcnicky_mini_rare_corridor_liquid
Desolation

Skill      XL: |  1  2  3  4  5  6  7  8  9 10 11 12 13 14 15 16 |
---------------+-------------------------------------------------+-----
Conjurations   | 1 5 |  5.3
Spellcasting   | 2 3 4 5 7 |  7.9
Fighting       | 1 2 3 4 6 8 10 11 12 14 15 16 17 | 17.8
Fire Magic     | 4 5 6 8 10 | 10.9
Hexes          | 1 2 |  2.0
Armour         | 4 7 9 10 11 | 11.0
Evocations     | 5 7 |  7.0
Earth Magic    | 4 7 11 13 14 15 | 15.4
Ice Magic      | 6 8 10 | 10.4
Shields        | 4 6 |  6.0
Staves         | 2 |  2.6
Dodging        | |  1.3
Stealth        | |  1.4

Action                     |  1- 3 |  4- 6 |  7- 9 | 10-12 | 13-15 | 16-18 || total
---------------------------+-------+-------+-------+-------+-------+-------++-------
  Melee: Unarmed           |     2 |     7 |       |       |       |       ||     9
         Staff             |       |    35 |     6 |    68 |   273 |    40 ||   422
   Cast: Foxfire           |    51 |    14 |    19 |    25 |    21 |       ||   130
         Scorch            |    14 |   110 |   100 |   111 |   211 |     2 ||   548
         Inner Flame       |       |     4 |    40 |    69 |    95 |     4 ||   212
         Flame Wave        |       |       |       |    18 |    17 |       ||    35
         Lee's Rapid Decon |       |       |       |    28 |    21 |    33 ||    82
         Permafrost Erupti |       |       |       |       |   203 |    27 ||   230
  Evoke: Wand              |       |       |     4 |     5 |    37 |     2 ||    48
         Tin of tremorston |       |       |       |     1 |     6 |     1 ||     8
         Box of beasts     |       |       |       |       |     2 |       ||     2
    Use: Potion            |     1 |     1 |     2 |     1 |     6 |     2 ||    13
         Scroll            |       |     7 |     4 |    15 |    19 |       ||    45
 Armour: Robe              |    13 |       |       |       |       |       ||    13
         Leather armour    |     9 |    90 |    77 |   183 |       |       ||   359
         Plate armour      |       |       |       |    45 |   913 |    60 ||  1018
  Dodge: Dodged            |    14 |    69 |    54 |   121 |   245 |    42 ||   545
         Repelled          |       |       |       |     6 |       |       ||     6
  Block: Other             |       |       |     9 |    59 |    69 |       ||   137
         Reflection        |       |       |     1 |     6 |    43 |       ||    50
         Buckler           |       |       |       |       |   207 |    11 ||   218

Table legend: (Time is in decaauts)
 A = Elapsed time spent in this place.
 B = Non-inter-level travel time spent in this place.
 C = Inter-level travel time spent in this place.
 D = Time resting spent in this place.
 E = Time spent auto-exploring this place.
 F = Levels seen in this place.
 G = Mean time per level.
                   A        B        C        D        E       F      G
               +--------+--------+--------+--------+--------+-----+--------+
         Total |  41667 |  38519 |   3148 |   4866 |  28159 |  27 | 1543.2 |
       Dungeon |  22893 |  20553 |   2340 |   1918 |  16076 |  15 | 1526.2 |
          Lair |   8857 |   8202 |    655 |    821 |   6174 |   5 | 1771.4 |
  Orcish Mines |   3438 |   3359 |     79 |   1001 |   1796 |   2 | 1719.0 |
   Elven Halls |   3814 |   3740 |     74 |    381 |   2721 |   2 | 1907.0 |
      Ice Cave |    252 |    252 |      0 |      0 |    219 |   1 |  252.0 |
       Volcano |    957 |    957 |      0 |    199 |    647 |   1 |  957.0 |
    Desolation |   1452 |   1452 |      0 |    546 |    526 |   1 | 1452.0 |
               +--------+--------+--------+--------+--------+-----+--------+

Top non-repeatable levels by time:
   Elf:1: 3635 daAuts
  Lair:5: 3133 daAuts
     D:3: 2461 daAuts
  Lair:4: 2164 daAuts
    D:10: 1911 daAuts
   Orc:2: 1804 daAuts
     D:2: 1707 daAuts
     D:6: 1684 daAuts
    D:11: 1682 daAuts
     D:9: 1681 daAuts
     D:1: 1672 daAuts
   Orc:1: 1633 daAuts
     D:7: 1626 daAuts
     D:5: 1618 daAuts
  Lair:3: 1561 daAuts
